 Dungeon Crawl Stone Soup version 0.31.0-32-g396128a36d (webtiles) character file.

Game seed: 9401096464156909904

69 AdnanSaban the Covered (level 4, -3/29 HPs)
             Began as a Gargoyle Fighter on Apr 17, 2024.
             Slain by a black bear (6 damage)
             ... on level 3 of the Dungeon.
             The game lasted 00:01:41 (1706 turns).

AdnanSaban the Covered (Gargoyle Fighter)           Turns: 1706, Time: 00:01:41

Health: -3/29      AC: 10    Str: 22    XL:     4   Next: 20%
Magic:  4/4        EV:  9    Int:  8    God:
Gold:   96         SH:  4    Dex:  9    Spells: 3/3 levels left

rFire   . . .        a - +0 flail
rCold   + . .        c - +0 buckler
rNeg    + . .        b - +0 scale mail
rPois   ∞            (no helmet)
rElec   +            (no cloak)
rCorr   .            (no gloves)
SInv    .            (no boots)
Will    +....        (no amulet) Stlth
                     o - ring "Niuj Meu" {rC+ Will+}
HPRegen 0.24/turn    (no ring)
MPRegen 0.09/turn

%: no passive effects
@: no status effects
A: sickness immunity, AC +3, negative energy resistance 1, electricity
resistance, torment resistance 1, petrification resistance
a: no special abilities


You were on level 3 of the Dungeon.
You visited 1 branch of the dungeon, and saw 3 of its levels.

You collected 96 gold pieces.

Inventory:

Hand Weapons
 a - a +0 flail (weapon)
Armour
 b - a +0 scale mail (worn)
 c - a +0 buckler (worn)
Jewellery
 o - the ring "Niuj Meu" (left hand) {rC+ Will+}
   (You found it on level 3 of the Dungeon)

   [ring of protection from cold]

   rC+:       It protects you from cold.
   Will+:     It increases your willpower.
Scrolls
 e - a scroll of enchant weapon {unknown}
 g - 4 scrolls of identify {unknown}
 h - 2 scrolls of fear {unknown}
 i - 2 scrolls of fog {unknown}
 k - a scroll of silence {unknown}
Potions
 d - a potion of might
 f - a potion of attraction {unknown}
 j - a potion of mutation {unknown}
 l - a potion of cancellation {unknown}
 m - a potion of berserk rage {unknown}


   Skills:
 + Level 3.8 Fighting
 + Level 2.8 Maces & Flails
 + Level 3.9 Armour
 + Level 0.2 Dodging
 + Level 3.8 Shields


You had 3 spell levels left.
You didn't know any spells.
Your spell library contained the following spells:

 Spells                   Type           Power      Damage    Failure   Level
 Manifold Assault         Tloc           0%         N/A       100%        4
 Dispersal                Tloc           0%         N/A       100%        6
 Disjunction              Tloc           0%         N/A       100%        8


Dungeon Overview and Level Annotations

Branches:
Dungeon (3/15)

Altars:


Innate Abilities, Weirdness & Mutations

You are immune to sickness and miasma.
Your stone body is resilient. (AC +3)
You are immune to poison.
You resist negative energy. (rN+)
You are resistant to electric shocks. (rElec)
You are resistant to unholy torment.
You are immune to petrification.


Message History

The black bear is severely wounded.
The black bear goes berserk!
You hit the black bear.
The black bear is almost dead.
The black bear bites you!
The black bear claws you but does no damage. x2
The black bear bites you. The black bear claws you.
The black bear barely misses you.
You are too injured to fight recklessly!
You are too injured to fight recklessly!
You are too injured to fight recklessly!
You are too injured to fight recklessly!
You are too injured to fight recklessly!
You are too injured to fight recklessly!
You are too injured to fight recklessly!
You are too injured to fight recklessly!
You are too injured to fight recklessly!
You are too injured to fight recklessly!
You are too injured to fight recklessly!
You are too injured to fight recklessly!
You are too injured to fight recklessly!
You are too injured to fight recklessly!
You are too injured to fight recklessly!
You are too injured to fight recklessly!
You are too injured to fight recklessly!
Unknown command.
You barely miss the black bear.
The black bear is almost dead.
The black bear bites you. You block the black bear's attack.
The black bear claws you but does no damage.
The black bear bites you!
* * * LOW HITPOINT WARNING * * *
The black bear closely misses you.
The black bear claws you but does no damage.
You hit the black bear.
The black bear is almost dead.
The black bear bites you but does no damage.
The black bear claws you but does no damage.
The black bear claws you.
You die...

#.......# #.......#
#.......# .......
..... ... #h# #@#####
#.....# #####.#
####.# ## ###
#.###....####.#.###.#
...............#.#.#.
.###....####.###<###
##.....# #.#.#.#.
#<..#### #.###.#


You could see a black bear (berserk).

Vanquished Creatures
  Jessica (D:2)
  2 ribbon worms (D:2)
  An orc (D:3)
  6 endoplasms
  4 goblins
  6 hobgoblins
  4 jackals (D:1)
  2 ball pythons
  2 bats (D:1)
  A frilled lizard (D:1)
  3 kobolds
  2 rats (D:1)
34 creatures vanquished.

Notes
Turn   | Place    | Note
-------+----------+-------------------------------------------
     0 | D:1      | AdnanSaban the Gargoyle Fighter began the quest for the
                  | Orb.
     0 | D:1      | Reached XP level 1. HP: 14/14 MP: 1/1
   258 | D:1      | Reached XP level 2. HP: 14/19 MP: 2/2
   788 | D:2      | Reached XP level 3. HP: 15/24 MP: 3/3
  1180 | D:2      | Found a faded altar of an unknown god.
  1544 | D:3      | Noticed Jessica
  1544 | D:3      | Found the Hermit's Pendant {Faith Invo=14 Evo=0 MP+5}
  1553 | D:2      | Killed Jessica
  1554 | D:2      | Reached XP level 4. HP: 25/29 MP: 4/4
  1606 | D:3      | Identified the ring "Niuj Meu" {rC+ Will+}
  1699 | D:3      | Noticed a black bear
  1706 | D:3      | Slain by a black bear

Illustrated notes

Levels and vault maps discovered:
D:1:      minmay_arrival_split_and_join, layout_rooms
D:2:      layout_basic, shapermc_ecumenical_altar_hornbeckon
D:3:      layout_loops_cross, mainiacjoe_overflow_alcove_2, uniq_ijyb,
          uniq_jessica

Action                     |  1- 3 |  4- 6 || total
---------------------------+-------+-------++-------
  Melee: Flail             |   100 |    12 ||   112
 Armour: Scale mail        |    99 |    18 ||   117
  Dodge: Dodged            |    59 |     8 ||    67
  Block: Buckler           |    29 |     4 ||    33
